 Dungeon Crawl Stone Soup version 0.21-a0-633-g4c047d5 (webtiles) character file.

174 reaverb the Ruffian (level 5, 0/50 HPs)
             Began as a Troll Monk on Dec 29, 2017.
             Slain by an orc warrior
             ... wielding a +0 short sword
              (15 damage)
             ... on level 6 of the Dungeon.
             The game lasted 00:02:03 (535 turns).

reaverb the Ruffian (Troll Monk)                     Turns: 535, Time: 00:02:03

Health: 0/50       AC:  5    Str: 19    XL:     5   Next: 28%
Magic:  4/4        EV: 10    Int:  6    God:
Gold:   42         SH:  0    Dex: 13    Spells: 4/4 levels left

rFire    . . .     SeeInvis .     - Unarmed
rCold    . . .     Gourm    +   (no shield)
rNeg     . . .     Faith    .   a - +0 robe
rPois    .         Spirit   .   (helmet restricted)
rElec    .         Reflect  .   (no cloak)
rCorr    .         Harm     .   (gloves unavailable)
MR       .....                  (boots unavailable)
Stlth    ++........             (no amulet)
HPRegen  0.56/turn              (no ring)
MPRegen  0.09/turn              (no ring)

@: no status effects
A: large, unfitting armour, claws 3, fast metabolism 3, gourmand, regeneration
1, shaggy fur 1, tough skin 2
a: no special abilities


You were on level 6 of the Dungeon.
You were completely stuffed.

You visited 1 branch of the dungeon, and saw 6 of its levels.

You collected 42 gold pieces.

Notes
Turn   | Place    | Note
-------+----------+-------------------------------------------
     0 | D:1      | reaverb the Troll Monk began the quest for the Orb.
     0 | D:1      | Reached XP level 1. HP: 22/22 MP: 0/0
   188 | D:2      | Noticed a water moccasin
   253 | D:4      | Reached XP level 2. HP: 24/29 MP: 1/1
   284 | D:5      | Entered Level 5 of the Dungeon
   293 | D:5      | Reached skill level 4 in Unarmed Combat
   298 | D:5      | Reached XP level 3. HP: 27/36 MP: 2/2
   337 | D:6      | Reached skill level 5 in Unarmed Combat
   337 | D:6      | Reached XP level 4. HP: 44/44 MP: 3/3
   436 | D:6      | Huge Dmg: 16 Dmg
   442 | D:6      | Huge Dmg: 7 Dmg
   442 | D:6      | Reached XP level 5. HP: 11/50 MP: 4/4
   450 | D:6      | Reached skill level 6 in Unarmed Combat
   526 | D:6      | Noticed an orc warrior
   530 | D:6      | Huge Dmg: 16 Dmg
   535 | D:6      | Huge Dmg: 12 Dmg
   535 | D:6      | Slain by an orc warrior

Inventory:

Armour
 a - a +0 robe (worn)
Potions
 d - a potion of invisibility {unknown}
 e - a potion of curing {unknown}
 g - a potion of resistance {unknown}
Comestibles
 b - 5 rations
 c - 2 chunks of flesh {@w0}

Table legend:
 A = Turns spent in this place as a percentage of turns spent in the entire game.
 B = Non-inter-level travel turns spent in this place as a percentage of non-inter-level travel turns spent in the entire game.
 C = Inter-level travel turns spent in this place as a percentage of turns spent in this place.
 D = Turns resting spent in this place as a percentage of non-inter-level travel turns spent in this place.
 E = Turns spent auto-exploring this place as a percentage of non-inter-level travel turns spent in this place.
 F = Non-inter-level travel turns spent in this place divided by the number of levels of this place that you've seen.
                   A       B       C       D       E      F
               +-------+-------+-------+-------+-------+----------------------
         Total | 100.0 | 100.0 |   0.0 |   9.0 |  22.2 |  89.2
       Dungeon | 100.0 | 100.0 |   0.0 |   9.0 |  22.2 |  89.2
               +-------+-------+-------+-------+-------+----------------------


   Skills:
 - Level 2.4 Fighting
 - Level 2.4 Dodging
 - Level 1.0 Stealth
 + Level 6.1 Unarmed Combat


You had 4 spell levels left.
You didn't know any spells.

Dungeon Overview and Level Annotations

Branches:
Dungeon (6/15)
 Temple: D:4-7

Altars:


Innate Abilities, Weirdness & Mutations

You are too large for most types of armour.
You have claws for hands.
Your metabolism is lightning-fast.
You like to eat raw meat.
Your natural rate of healing is unusually fast.
You are covered in fur. (AC +1)
You have very tough skin. (AC +2)


Message History

You eat one of the 8 chunks of flesh {@w0}.
This raw flesh tastes great.
Eating one of 7 chunks of flesh {@w0}.
You eat one of the 7 chunks of flesh {@w0}.
This raw flesh tastes great.
Eating one of 6 chunks of flesh {@w0}.
You eat one of the 6 chunks of flesh {@w0}.
This raw flesh tastes great.
Eating one of 5 chunks of flesh {@w0}.
You eat one of the 5 chunks of flesh {@w0}.
This raw flesh tastes great.
Eating one of 4 chunks of flesh {@w0}.
You eat one of the 4 chunks of flesh {@w0}.
This raw flesh tastes great.
Eating one of 3 chunks of flesh {@w0}.
You eat one of the 3 chunks of flesh {@w0}.
This raw flesh tastes great.
You hear the slow rusting of a very distant drain.
There is an open door here.
You see here a whip.
You open the door.
An adder comes into view.
There is an open door here.
The adder hisses angrily.
The adder bites you but does no damage.
You scratch the adder.
The adder is lightly wounded.
The adder closely misses you.
You closely miss the adder.
The adder is lightly wounded.
The adder closely misses you.
You closely miss the adder.
The adder is lightly wounded.
The adder bites you but does no damage.
You claw the adder!
You kill the adder!
You open the door.
There is an open door here.
You open the door.
A quokka comes into view.
The quokka closely misses you.
There is an open door here.
You closely miss the quokka. The quokka bites you.
Damage: -2%(-1hp) hp: 98%(49hp)
You scratch the quokka.
The quokka is moderately wounded.
The quokka closely misses you.
You closely miss the quokka.
The quokka is moderately wounded.
The quokka bites you but does no damage.
You claw the quokka!
You kill the quokka!
You see here a quokka corpse.
You open the door.
An orc comes into view. It is wielding a mace.
There is an open door here.
An orc comes into view. It is wielding a hand axe.
The orc shouts! x2
An orc warrior comes into view. It is wielding a short sword.
The orc warrior shouts!
You hear a shout!
An orc comes into view.
The orc hits you but does no damage.
The orc shouts!
You scratch the orc warrior but do no damage.
The orc warrior hits you with a short sword!
The orc hits you with a mace.
Huge Dmg: -32%(-16hp) hp: 68%(34hp)
You claw the orc warrior!
The orc warrior is moderately wounded.
The orc closely misses you.
The orc warrior hits you with a short sword.
Damage: -8%(-4hp) hp: 60%(30hp) Unknown command.
You barely miss the orc warrior.
The orc warrior is moderately wounded.
The orc hits you with a mace. The orc hits you with a hand axe.
* * * LOW HITPOINT WARNING * * *
Damage: -10%(-5hp) hp: 50%(25hp) Unknown command.
You closely miss the orc warrior.
The orc warrior is moderately wounded.
The orc warrior misses you. The orc misses you.
Unknown command.
You closely miss the orc warrior.
The orc warrior is moderately wounded.
The orc hits you but does no damage. The orc warrior barely misses you.
The orc barely misses you.
Unknown command.
You barely miss the orc warrior.
The orc warrior is moderately wounded.
The orc closely misses you.
The orc warrior hits you with a short sword!
* * * LOW HITPOINT WARNING * * *
The orc barely misses you.
Huge Dmg: -24%(-12hp) hp: 28%(14hp)
You closely miss the orc warrior.
The orc warrior is moderately wounded.
The orc closely misses you. x2
The orc warrior hits you with a short sword!
You die...

... .. ..
..####+#..
#.........
#.........
#.........
##ooo......
#..@o# #....+
#....# #....#
###'####### ..
#........#.....
#.†......#.....
###'#######.....
#..............#


You could see an orc warrior and 3 orcs.

Table legend:
 A = Kills in this place as a percentage of kills in entire the game.
 B = Kills by you in this place as a percentage of kills by you in the entire game.
 C = Kills by friends in this place as a percentage of kills by friends in the entire game.
 D = Other kills in this place as a percentage of other kills in the entire game.
 E = Experience gained in this place as a percentage of experience gained in the entire game.
 F = Experience gained in this place divided by the number of levels of this place that you have seen.
                   A       B       C       D       E      F
               +-------+-------+-------+-------+-------+----------------------
         Total | 100.0 | 100.0 |   N/A |   N/A | 100.0 |  41.5
       Dungeon | 100.0 | 100.0 |   N/A |   N/A | 100.0 |  41.5
               +-------+-------+-------+-------+-------+----------------------

Vanquished Creatures
  2 hounds
  An orc priest (D:6)
  An orc wizard (D:6)
  4 adders
  5 orcs
  4 giant cockroaches
  A goblin (D:1)
  2 jackals (D:6)
  A quokka (D:6)
  2 bats (D:1)
  A frilled lizard (D:1)
24 creatures vanquished.

Action                   |  1- 3 |  4- 6 || total
-------------------------+-------+-------++-------
Melee: Unarmed           |    39 |    38 ||    77
  Use: Scroll            |       |     2 ||     2
 Stab: Sleeping          |       |     1 ||     1
  Eat: Chunk             |     2 |     8 ||    10
Armor: Robe              |    22 |    13 ||    35
Dodge: Dodged            |    25 |    29 ||    54
